 Dungeon Crawl Stone Soup version 0.30-a0-986-g7f2e898f52 (webtiles) character file.

Game seed: 13280072076683539076

1138 DamienQuinn the Slasher (level 8, -1/60 HPs)
             Began as a Human Berserker on Aug 19, 2022.
             Was a Priest of Trog.
             Slain by Menkaure (21 damage)
             ... on level 6 of the Dungeon on Apr 1, 2023.
             The game lasted 00:33:07 (5396 turns).

DamienQuinn the Slasher (Human Berserker)           Turns: 5396, Time: 00:33:07

Health: -1/60      AC:  8    Str: 20    XL:     8   Next: 63%
Magic:  8/8        EV:  7    Int:  7    God:    Trog [***...]
Gold:   240        SH: 16    Dex: 27    Spells: 7/7 levels left

rFire   . . .      SeeInvis +    a - +6 long sword "Vabol" {holy, rPois rC- Dex+8 SInv}
rCold   x . .      Faith    .    c - +0 tower shield
rNeg    . . .      Spirit   .    g - +0 scale mail
rPois   +          Reflect  .    (no helmet)
rElec   .          Rampage  .    (no cloak)
rCorr   .                        (no gloves)
Will    .....                    l - +0 pair of boots
Stlth   +                        (no amulet)
HPRegen 0.30/turn                k - +6 ring of dexterity
MPRegen 0.11/turn                (no ring)

@: studying Armour
A: no striking features
a: Renounce Religion, Berserk, Trog's Hand


You were on level 6 of the Dungeon.
You worshipped Trog.
Trog was most pleased with you.
You visited 2 branches of the dungeon, and saw 7 of its levels.

You collected 240 gold pieces.

Inventory:

Hand Weapons
 a - the +6 long sword "Vabol" (weapon) {holy, rPois rC- Dex+8 SInv}
   (You found it on level 2 of the Dungeon)

   Dex:       It affects your dexterity (+8).
   rC:        It makes you vulnerable to cold.
   rPois:     It protects you from poison.
   SInv:      It lets you see invisible.
 b - a +0 hand axe
 f - a +0 hand axe of flaming
 j - a +1 war axe
 x - a +0 whip
Missiles
 h - 24 poisoned darts (quivered)
 w - a throwing net
Armour
 c - a +0 tower shield (worn)
 d - a +0 robe
 g - a +0 scale mail (worn)
 i - a +0 animal skin
 l - a +0 pair of boots (worn)
 o - an orb of energy
 r - the +2 plate armour of the Skies Above {rElec rCorr Str-5 Slay-3}
   (You found it on level 4 of the Dungeon)

   Str:       It affects your strength (-5).
   Slay:      It affects your accuracy & damage with ranged weapons and melee
   (-3).
   rElec:     It insulates you from electricity.
   rCorr:     It protects you from acid and corrosion.
Jewellery
 k - a +6 ring of dexterity (left hand)
 t - the amulet of Elemental Vulnerability {rPois rF-- rC-- AC+8}
   (You found it on level 4 of the Dungeon)

   [amulet of nothing]

   AC:        It affects your AC (+8).
   rF:        It makes you very vulnerable to fire.
   rC:        It makes you very vulnerable to cold.
   rPois:     It protects you from poison.
Wands
 q - a wand of paralysis (10)
Scrolls
 u - a scroll of identify
 v - a scroll of fear
 y - a scroll of torment {unknown}
 z - a scroll of poison {unknown}
 A - 2 scrolls of teleportation
Potions
 e - 2 potions of curing
 m - a potion of might
 n - a potion of flight {unknown}
 p - a potion of lignification {unknown}
 s - a potion of invisibility {unknown}


   Skills:
 - Level 4.2 Fighting
 * Level 6.5 Long Blades
 - Level 3.6 Axes
 - Level 5.9 Armour
 - Level 2.4 Dodging
 + Level 1.0 Stealth
 - Level 3.2 Shields


You had 7 spell levels left.
You didn't know any spells.
Your spell library contained the following spells:

 Spells                   Type           Power      Damage    Failure   Level
 Beastly Appendage        Tmut           0%         N/A       100%        1
 Sandblast                Erth           0%         2d4       100%        1
 Summon Small Mammal      Summ           0%         N/A       100%        1
 Ensorcelled Hibernation  Hex/Ice        0%         N/A       100%        2
 Passwall                 Tmut/Erth      0%         N/A       100%        2
 Wereblood                Tmut           0%         N/A       100%        2
 Call Canine Familiar     Summ           0%         N/A       100%        3
 Spider Form              Tmut/Pois      0%         N/A       100%        3
 Stone Arrow              Conj/Erth      0%         3d7       100%        3
 Summon Guardian Golem    Hex/Summ       0%         N/A       100%        3
 Anguish                  Hex/Necr       0%         N/A       100%        4


Dungeon Overview and Level Annotations

Branches:
Dungeon (6/15)             Temple (1/1) D:4

Altars:
Ashenzari
Cheibriados
Dithmenos
Hepliaklqana
Makhleb
Nemelex Xobeh
Okawaru
Trog
Uskayaw
Xom
Yredelemnul
Zin
The Shining One

Annotations:
D:6 Menkaure


Message History

Sigmund mumbles some strange words.
Sigmund flickers and vanishes for a moment.
You barely miss Sigmund.
Sigmund is moderately wounded.
The orc hits you from afar with a +0 scythe!
The orc hits you from afar with a +0 scythe.
You block Sigmund's attack.
You hit Sigmund.
Sigmund is heavily wounded.
You block the orc's attack. You block Menkaure's attack.
You block the orc's attack. Sigmund hits you but does no damage.
You completely miss Sigmund.
Sigmund is heavily wounded.
The orc closely misses you. The orc hits you but does no damage.
Menkaure points at you and mumbles some strange words.
You struggle to resist.
You block the orc's attack. Sigmund casts a spell at you.
The puff of flame hits you.
The orc hits you from afar with a +0 scythe!
You block Menkaure's attack.
You hit Sigmund.
Sigmund is severely wounded.
Sigmund gestures at you while chanting. The magic dart hits you.
You block the orc's attack. x2
Menkaure mumbles some strange words.
Menkaure seems to speed up.
You slash Sigmund!
You kill Sigmund!
Trog accepts your kill.
Trog appreciates your killing of a magic user.
The orc hits you from afar with a +0 scythe.
You block the orc's attack. Menkaure casts a spell at you.
You struggle to resist.
The orc hits you from afar with a +0 scythe!
The orc hits you but does no damage. Menkaure hits you!
* * * LOW HITPOINT WARNING * * *
Your Long Blades skill increases to level 6!
You feel better. Menkaure hits you!!
You die...

.#...##
.....###
.......#
......# #
......#
###.##g....##
#.....o.....#
##. #M#
#....##@####.#
#...<....#
........####.#
#.#.#.###
..... ###.##
#. ) #


You could see Menkaure (fast), an orc and a hobgoblin.

Vanquished Creatures
  Sigmund (D:6)
  A water moccasin (D:5)
  A sky beast (D:4)
  An ogre (D:5)
  A phantom (D:4)
  A kobold brigand (D:4)
  2 necrophages
  A howler monkey (D:5)
  A hound (D:5)
  An orc priest (D:5)
  A gnoll bouda (D:5)
  A jelly (D:5)
  2 iguanas (D:4)
  6 adders
  7 gnolls
  2 worms
  4 dart slugs
  5 orcs
  7 endoplasms
  4 giant cockroaches
  7 goblins
  4 hobgoblins
  4 jackals (D:3)
  4 quokkas
  5 ball pythons
  4 bats
  3 frilled lizards
  23 kobolds
  8 rats
112 creatures vanquished.

Vanquished Creatures (others)
  A kobold (D:4)
  64 plants (D:4)
65 creatures vanquished.

Grand Total: 177 creatures vanquished

Notes
Turn   | Place    | Note
-------+----------+-------------------------------------------
     0 | D:1      | DamienQuinn the Human Berserker began the quest for the
                  | Orb.
     0 | D:1      | Reached XP level 1. HP: 18/18 MP: 1/1
   324 | D:1      | Reached XP level 2. HP: 19/24 MP: 2/2
   610 | D:1      | Found a faded altar of an unknown god.
   799 | D:1      | Reached XP level 3. HP: 21/29 MP: 3/3
  1484 | D:2      | Identified the +6 long sword "Vabol" {holy, rPois rC- Dex+8
                  | SInv}
  1896 | D:2      | Reached XP level 4. HP: 31/35 MP: 4/4
  2076 | D:2      | Reached ** piety under Trog
  2495 | D:3      | Reached skill level 1 in Long Blades
  2885 | D:4      | Reached XP level 5. HP: 41/41 MP: 5/5
  3282 | D:4      | Identified the +2 plate armour of the Skies Above {rElec
                  | rCorr Str-5 Slay-3}
  3365 | D:4      | Reached skill level 2 in Long Blades
  3428 | D:4      | Noticed a sky beast
  3440 | D:4      | Killed a sky beast
  3441 | D:4      | Reached skill level 3 in Long Blades
  3441 | D:4      | Reached skill level 1 in Shields
  3441 | D:4      | Reached XP level 6. HP: 43/48 MP: 6/6
  3630 | D:4      | Reached skill level 1 in Stealth
  3630 | D:4      | Reached XP level 7. HP: 49/53 MP: 7/7
  3630 | D:4      | Found a staircase to the Ecumenical Temple.
  3647 | Temple   | Entered the Ecumenical Temple
  3804 | D:4      | Found the amulet of Elemental Vulnerability {rPois rF--
                  | rC-- AC+8}
  3859 | D:4      | Reached *** piety under Trog
  4251 | D:4      | Reached skill level 4 in Long Blades
  4593 | D:5      | Entered Level 5 of the Dungeon
  4617 | D:5      | Reached skill level 5 in Armour
  4662 | D:5      | Noticed a water moccasin
  4676 | D:5      | Killed a water moccasin
  4764 | D:5      | Reached XP level 8. HP: 58/60 MP: 8/8
  4811 | D:5      | Reached skill level 5 in Long Blades
  4983 | D:5      | Upgraded the game from 0.29-a0-1065-g47a6bb87d6 to
                  | 0.30-a0-6-g7c9e10e132
  5235 | D:5      | Upgraded the game from 0.30-a0-6-g7c9e10e132 to
                  | 0.30-a0-986-g7f2e898f52
  5381 | D:6      | Noticed Sigmund
  5387 | D:6      | Noticed Menkaure
  5394 | D:6      | Killed Sigmund
  5395 | D:6      | Reached skill level 6 in Long Blades
  5396 | D:6      | Slain by Menkaure

Illustrated notes

Levels and vault maps discovered:
D:1:      lightli_arrival_noodles, layout_loops_ring,
          ebering_ecumenical_altar_box, minmay_pentomino_p4
D:2:      layout_rooms
D:3:      layout_basic
D:4:      kennysheep_kobold_camp, layout_layer_cave, minmay_temple_entry_waves,
          chequers_serial_rivers_marsh
D:5:      layout_gridville
D:6:      layout_loops_cross, nzn_wu_jian_contemplation, serial_shops, shop,
          sigmund_army, uniq_menkaure, uniq_blork_the_orc
Temple:   mainiacjoe_temple_bowtie_tessellation

Skill      XL: |  1  2  3  4  5  6  7  8 |
---------------+-------------------------+-----
Long Blades    | 1 3 4 6 |  6.5
Armour         | 3 4 5 |  5.9
Shields        | 1 2 3 |  3.2
Stealth        | 1 |  1.0
Fighting       | 4 |  4.2
Axes           | |  3.6
Dodging        | |  2.4

Action                     |  1- 3 |  4- 6 |  7- 9 || total
---------------------------+-------+-------+-------++-------
  Melee: Hand axe          |    38 |       |       ||    38
         Punch             |     1 |       |       ||     1
         War axe           |    28 |       |       ||    28
         Long sword        |    13 |   105 |   133 ||   251
 Invoke: Berserk           |       |       |     1 ||     1
    Use: Scroll            |     7 |     2 |     3 ||    12
         Potion            |       |     1 |     2 ||     3
 Armour: Animal skin       |     3 |       |       ||     3
         Scale mail        |    65 |    34 |     4 ||   103
         Plate armour      |       |    38 |   128 ||   166
  Dodge: Dodged            |    99 |    24 |    11 ||   134
  Block: Tower shield      |     3 |   113 |   168 ||   284

Table legend: (Time is in decaauts)
 A = Elapsed time spent in this place.
 B = Non-inter-level travel time spent in this place.
 C = Inter-level travel time spent in this place.
 D = Time resting spent in this place.
 E = Time spent auto-exploring this place.
 F = Levels seen in this place.
 G = Mean time per level.
                   A        B        C        D        E       F      G
               +--------+--------+--------+--------+--------+-----+--------+
         Total |   5574 |   5574 |      0 |   1788 |      0 |   7 |  796.3 |
       Dungeon |   5425 |   5425 |      0 |   1788 |      0 |   6 |  904.2 |
        Temple |    148 |    148 |      0 |      0 |      0 |   1 |  148.0 |
               +--------+--------+--------+--------+--------+-----+--------+

Top non-repeatable levels by time:
     D:4: 1682 daAuts
     D:1: 1237 daAuts
     D:2: 894 daAuts
     D:5: 829 daAuts
     D:3: 765 daAuts
  Temple: 148 daAuts
     D:6: 16 daAuts
